 Dungeon Crawl Stone Soup version 0.31-a0-1093-gadecf4124d (webtiles) character file.

Game seed: 5922002781112534940

154 Malachi the Slasher (level 5, -16/41 (42) HPs)
             Began as a Demonspawn Gladiator on Nov 29, 2023.
             Was a Follower of Uskayaw.
             Demolished by Crazy Yiuf
             ... wielding a +4 quarterstaff of chaos
              (17 damage)
             ... on level 3 of the Dungeon.
             The game lasted 00:03:33 (3005 turns).

Malachi the Slasher (Demonspawn Gladiator)          Turns: 3005, Time: 00:03:33

HP:   -16/41 (42)   AC:  3    Str: 15    XL:     5   Next: 13%
MP:   0/5           EV: 12    Int:  9    God:    Uskayaw [*.....]
Gold: 137           SH:  6    Dex: 16    Spells: 4/4 levels left

rFire   + + +        a - +0 long sword
rCold   x . .        (no shield)
rNeg    . . .        b - +0 leather armour
rPois   .            (helmet restricted)
rElec   .            (no cloak)
rCorr   .            (no gloves)
SInv    .            (no boots)
Will    .....        (no amulet)
Stlth   +            f - ring "Ititei Nuydgh" {Wiz rF+++ rC- Will- Slay+4}
HPRegen 0.26/turn    (no ring)
MPRegen 0.09/turn

%: wizardry (x1)
@: lightly drained
A: horns 1, large bone plates 2
a: Renounce Religion, Stomp


You were on level 3 of the Dungeon.
You worshipped Uskayaw.
Uskayaw was noncommittal.
You visited 1 branch of the dungeon, and saw 3 of its levels.

You collected 137 gold pieces.

Inventory:

Hand Weapons
 a - a +0 long sword (weapon)
Missiles
 d - 3 throwing nets (quivered)
 e - a javelin
 l - 6 atropa-tipped darts
Armour
 b - a +0 leather armour (worn)
 c - a +0 helmet
Jewellery
 f - the ring "Ititei Nuydgh" (left hand) {Wiz rF+++ rC- Will- Slay+4}
   (You acquired it on level 1 of the Dungeon)

   [ring of wizardry]

   Wiz:       It improves your spell success rate.
   Slay+4:    It affects your accuracy & damage with ranged weapons and melee
   (+4).
   rF+++:     It renders you almost immune to fire.
   rC-:       It makes you vulnerable to cold.
   Will-:     It decreases your willpower.
 o - a ring of willpower
Wands
 h - a wand of roots (6)
Scrolls
 m - 2 scrolls of identify
 n - a scroll of poison {unknown}
Potions
 g - a potion of attraction
 i - a potion of curing
 j - a potion of resistance {unknown}
 k - 2 potions of mutation {unknown}


   Skills:
 + Level 3.9 Fighting
 + Level 4.1 Long Blades
 - Level 2.0 Throwing
 - Level 2.8 Dodging


You had 4 spell levels left.
You didn't know any spells.
Your spell library contained the following spells:

 Spells                   Type           Power      Damage    Failure   Level
 Lesser Beckoning         Tloc           0%         N/A       28%         2
 Gell's Gravitas          Tloc           0%         N/A       50%         3
 Teleport Other           Tloc           0%         N/A       50%         3


Dungeon Overview and Level Annotations

Branches:
Dungeon (3/15)

Altars:
Trog
Uskayaw

Shops:
D:2 [   D:3 (

Annotations:
D:3 Crazy Yiuf


Innate Abilities, Weirdness & Mutations

You have a pair of small horns on your head.
You are mostly covered in large bone plates. (SH +6)


Message History

You kill the hobgoblin!
You see here a hobgoblin corpse.
The orc hits you with a +0 dagger.
You closely miss the orc. You headbutt the orc.
The orc is moderately wounded.
You block the orc's attack.
You hit the orc.
The orc is almost dead.
The orc hits you with a +0 dagger.
You slash the orc!
You kill the orc!
No target in view!
You see here a +0 dagger.
Found a ring mail.
o - a ring of willpower You see here a +0 sling.
There is an escape hatch in the floor here.
Crazy Yiuf shouts!
Key pressed, stopping explore.
Could not explore, unopened runed door.
You open the door.
Crazy Yiuf screams, "Whiteboard!"
You hit Crazy Yiuf.
Crazy Yiuf is moderately wounded.
Crazy Yiuf laughs, "Whiteboard song action!"
Crazy Yiuf hits you with a +4 quarterstaff of chaos!
You convulse!
* * * LOW HITPOINT WARNING * * *
Crazy Yiuf hits you with a +4 quarterstaff of chaos!
* * * LOW HITPOINT WARNING * * *
You feel your power leaking away.
Okay, then.
Okay, then.
You hit Crazy Yiuf. Your headbutt misses Crazy Yiuf.
Crazy Yiuf is heavily wounded.
Crazy Yiuf closely misses you.
You barely miss Crazy Yiuf. You headbutt Crazy Yiuf.
Crazy Yiuf is severely wounded.
Crazy Yiuf hits you with a +4 quarterstaff of chaos!
You die...

# #....# ###
# #....# #
#P..P#
#########
#.PP##
........#
##.##
##.####.#
#.##
......#.####
##.#
##.##......#
#.##
##.####.####
##@#
.......)#
#g#
...######
... ...#
#...# #..#
#..)# #..#
##### #..#
...# ...#


You could see Crazy Yiuf.

Vanquished Creatures
  Terence (D:3)
  Robin (D:3)
  A gnoll (D:1)
  3 adders (D:3)
  2 ufetubi (D:3)
  A dart slug (D:1)
  2 orcs (D:3)
  4 endoplasms
  3 giant cockroaches (D:1)
  14 goblins
  7 hobgoblins (D:3)
  3 jackals (D:3)
  4 quokkas
  4 ball pythons
  8 bats
  4 frilled lizards
  2 kobolds
  5 rats
69 creatures vanquished.

Notes
Turn   | Place    | Note
-------+----------+-------------------------------------------
     0 | D:1      | Malachi the Demonspawn Gladiator began the quest for the
                  | Orb.
     0 | D:1      | Reached XP level 1. HP: 16/16 MP: 1/1
     2 | D:1      | Noticed a spriggan
     2 | D:1      | Noticed an ogre
     4 | D:1      | Noticed a meteoran
     4 | D:1      | Noticed a vampire
     6 | D:1      | Noticed an octopode
     6 | D:1      | Noticed a troll
     8 | D:1      | Noticed a vine stalker
     8 | D:1      | Noticed a draconian
    10 | D:1      | Noticed a naga
    12 | D:1      | Noticed a tengu
    12 | D:1      | Noticed a minotaur
    14 | D:1      | Noticed an armataur
    14 | D:1      | Noticed a human
    16 | D:1      | Noticed a demigod
    18 | D:1      | Noticed a ghoul
    18 | D:1      | Noticed a felid
    20 | D:1      | Noticed a formicid
    20 | D:1      | Noticed a gargoyle
    22 | D:1      | Noticed a demonspawn
    24 | D:1      | Noticed a tengu
    24 | D:1      | Noticed a merfolk
    37 | D:1      | Gained mutation: You are partially covered in large bone
                  | plates. (SH +4) [demonic ancestry]
    37 | D:1      | Reached XP level 2. HP: 12/22 MP: 2/2
   260 | D:1      | Reached skill level 3 in Long Blades
   614 | D:1      | Gained mutation: You have a pair of small horns on your
                  | head. [demonic ancestry]
   614 | D:1      | Reached XP level 3. HP: 28/28 MP: 3/3
  1034 | D:1      | Identified a scroll of acquirement
  1034 | D:1      | Acquired the ring "Ititei Nuydgh" {Wiz rF+++ rC- Will-
                  | Slay+4}
  1054 | D:2      | Found a faded altar of an unknown god.
  1090 | D:2      | Prayed at the altar of an unknown god.
  1090 | D:2      | Became a worshipper of Uskayaw the Reveller
  1090 | D:2      | Reached * piety under Uskayaw
  1226 | D:2      | Found Dinaugivu's Armour Shop.
  1834 | D:3      | Found a bloodstained altar of Trog.
  1899 | D:3      | Reached ** piety under Uskayaw
  1901 | D:3      | Reached XP level 4. HP: 13/35 MP: 4/4
  2037 | D:3      | Noticed Robin
  2052 | D:3      | Reached *** piety under Uskayaw
  2061 | D:3      | Reached **** piety under Uskayaw
  2064 | D:3      | Noticed Terence
  2289 | D:3      | Found a runed translucent door.
  2290 | D:3      | Noticed Crazy Yiuf
  2382 | D:3      | Killed Terence
  2513 | D:3      | Reached skill level 4 in Long Blades
  2535 | D:3      | Found Xoupniek's Antique Weapon Shoppe.
  2609 | D:3      | Gained mutation: You are mostly covered in large bone
                  | plates. (SH +6) [demonic ancestry]
  2609 | D:3      | Reached XP level 5. HP: 24/40 MP: 5/5
  2779 | D:3      | Killed Robin
  3003 | D:3      | HP: 1/41 [Crazy Yiuf/+4 quarterstaff of chaos (11)]
  3005 | D:3      | Demolished by Crazy Yiuf

Illustrated notes

Levels and vault maps discovered:
D:1:      kb_arrival_jail, layout_loops_corners
D:2:      layout_loops_ring, shapermc_ecumenical_altar_starsandcircs,
          serial_shops, nicolae_shop_window_shopping
D:3:      layout_loops_cross, grunt_temple_overflow_open, serial_shops,
          nicolae_shop_overgrown_old_shop, chequers_serial_rivers_large_b,
          corexii_item_surrounded_by_moat, uniq_robin, uniq_terence,
          uniq_crazy_yiuf_cottage

Skill      XL: |  1  2  3  4 |
---------------+-------------+-----
Throwing       | 2 |  2.0
Long Blades    | 3 4 |  4.1
Fighting       | 3 |  3.9
Dodging        | |  2.8

Action                     |  1- 3 |  4- 6 || total
---------------------------+-------+-------++-------
  Melee: Long sword        |   101 |    54 ||   155
         Headbutt          |     8 |    10 ||    18
         Punch             |       |     1 ||     1
    Use: Scroll            |     3 |       ||     3
   Stab: Sleeping          |     2 |     1 ||     3
         Paralysed         |       |     2 ||     2
 Armour: Leather armour    |    57 |    42 ||    99
  Dodge: Dodged            |    61 |    44 ||   105
  Block: Other             |    14 |    13 ||    27

Table legend: (Time is in decaauts)
 A = Elapsed time spent in this place.
 B = Non-inter-level travel time spent in this place.
 C = Inter-level travel time spent in this place.
 D = Time resting spent in this place.
 E = Time spent auto-exploring this place.
 F = Levels seen in this place.
 G = Mean time per level.
                   A        B        C        D        E       F      G
               +--------+--------+--------+--------+--------+-----+--------+
         Total |   3070 |   2991 |     79 |    305 |   2224 |   3 | 1023.3 |
       Dungeon |   3070 |   2991 |     79 |    305 |   2224 |   3 | 1023.3 |
               +--------+--------+--------+--------+--------+-----+--------+

Top non-repeatable levels by time:
     D:3: 1145 daAuts
     D:1: 1050 daAuts
     D:2: 874 daAuts
